 Dungeon Crawl Stone Soup version 0.28-b1-25-g9875b3fc8c (webtiles) character file.

Game seed: 14942091631412267467

232 MisterFreud the Cudgeller (level 5, -1/75 HPs)
             Began as a Troll Berserker on Jan 31, 2022.
             Was a Believer of Trog.
             Splashed by a jelly's acid (10 damage)
             ... on level 4 of the Dungeon.
             The game lasted 00:02:36 (2427 turns).

MisterFreud the Cudgeller (Troll Berserker)         Turns: 2427, Time: 00:02:37

Health: -1/75      AC: -5    Str: 25    XL:     5   Next: 73%
Magic:  4/4        EV: 10    Int:  5    God:    Trog [**....]
Gold:   188        SH:  0    Dex:  9    Spells: 4/4 levels left

rFire   . . .      SeeInvis .   p - +1 flail (protect)
rCold   . . .      Faith    .   (no shield)
rNeg    . . .      Spirit   .   b - +0 animal skin
rPois   .          Reflect  .   (helmet restricted)
rElec   .          Harm     .   (no cloak)
rCorr   .          Rampage  .   (gloves unavailable)
Will    .....                   (boots unavailable)
Stlth   ..........              (no amulet)
HPRegen 1.02/turn               (no ring)
MPRegen 0.09/turn               (no ring)

@: berserking, corroded, under a protective aura, very quick
A: large, unfitting armour, claws 3, regeneration 1, shaggy fur 1, tough skin 1
a: Renounce Religion, Berserk, Trog's Hand


You were on level 4 of the Dungeon.
You worshipped Trog.
Trog was pleased with you.
You visited 1 branch of the dungeon, and saw 4 of its levels.

You collected 188 gold pieces.

Inventory:

Hand Weapons
 a - a +0 mace
 p - a +1 flail of protection (weapon)
Missiles
 l - 6 poisoned darts (quivered)
 n - 3 boomerangs
Armour
 b - a +0 animal skin (worn)
Jewellery
 c - an amulet of magic regeneration
 h - a ring of magical power
 k - a ring of ice
Wands
 f - a wand of iceblast (9)
Scrolls
 d - a scroll of enchant weapon {unknown}
 e - 3 scrolls of teleportation {unknown}
 g - a scroll of identify {unknown}
 j - a scroll of fog {unknown}
 o - a scroll of brand weapon {unknown}
Potions
 i - a potion of invisibility {unknown}
 m - 2 potions of haste {unknown}
 q - 2 potions of curing {unknown}


   Skills:
 - Level 2.4 Fighting
 + Level 6.0 Maces & Flails
 - Level 2.4 Dodging


You had 4 spell levels left.
You didn't know any spells.
Your spell library was empty.

Dungeon Overview and Level Annotations

Branches:
Dungeon (4/15)
 Temple: D:4-7

Altars:
Kikubaaqudgha
The Shining One


Innate Abilities, Weirdness & Mutations

You are too large for most types of armour.
You have claws for hands.
Your natural rate of healing is unusually fast.
You are covered in fur. (AC +1)
You have tough skin. (AC +1)


Message History

You are splashed with acid!
The jelly hits you but does no damage.
A jelly is nearby!
You sock the jelly!
Your claws burn!
The jelly is heavily wounded.
The jelly hits you but does no damage.
A jelly is nearby!
You hit the jelly but do no damage.
Your claws burn!
The jelly is heavily wounded.
The jelly hits you. The acid corrodes you!
You are splashed with acid!
A jelly is nearby!
You are too injured to fight recklessly!
Unknown command.
You are too injured to fight recklessly!
You are too injured to fight recklessly!
You hit the jelly.
Your claws burn!
The jelly is severely wounded.
The jelly hits you.
You are splashed with acid!
* * * LOW HITPOINT WARNING * * *
You hit the jelly but do no damage. The acid corrodes you!
Your claws burn!
* * * LOW HITPOINT WARNING * * *
The jelly is severely wounded.
You hear the slow rusting of a very distant drain.
The jelly hits you.
* * * LOW HITPOINT WARNING * * *
The acid corrodes you!
You are splashed with acid!
* * * LOW HITPOINT WARNING * * *
A red film seems to cover your vision as you go berserk!
You feel yourself moving faster!
You feel mighty! The jelly hits you.
* * * LOW HITPOINT WARNING * * *
The acid corrodes you!
You are splashed with acid!
* * * LOW HITPOINT WARNING * * *
You hit the jelly.
Your weapon exudes an aura of protection.
Your claws burn!
* * * LOW HITPOINT WARNING * * *
The jelly is severely wounded.
The jelly hits you.
* * * LOW HITPOINT WARNING * * *
You are splashed with acid!
You die...

#### ###### #.. #....#
#.#
..##....####.###########
................<.......
####.........##########.
.........####### ..
####.........@J######.#
#......####........#
#....#.# ###......#
#....#.# #....####
######.# ###..### #.#
#....# ###..##.#.##
..........###
####.##.#.....#


You could see a jelly.

Vanquished Creatures
  A hound (D:3)
  Jessica (D:2)
  An iguana (D:4)
  3 gnolls (D:3)
  5 adders
  5 worms
  2 dart slugs
  An orc (D:3)
  5 ball pythons
  4 endoplasms
  A giant cockroach (D:2)
  3 goblins
  8 hobgoblins
  7 jackals
  4 quokkas
  A bat (D:2)
  2 frilled lizards (D:2)
  2 kobolds
  4 rats
60 creatures vanquished.

Notes
Turn   | Place    | Note
-------+----------+-------------------------------------------
     0 | D:1      | MisterFreud the Troll Berserker began the quest for the
                  | Orb.
     0 | D:1      | Reached XP level 1. HP: 22/22 MP: 0/0
   144 | D:1      | Reached skill level 3 in Maces & Flails
   182 | D:1      | Reached XP level 2. HP: 27/29 MP: 1/1
   930 | D:2      | Found a faded altar of an unknown god.
   944 | D:2      | Reached XP level 3. HP: 23/36 MP: 2/2
   989 | D:2      | Reached skill level 4 in Maces & Flails
  1105 | D:2      | Noticed Jessica
  1113 | D:2      | Killed Jessica
  1128 | D:2      | Reached XP level 4. HP: 44/44 MP: 3/3
  1143 | D:2      | Reached ** piety under Trog
  1410 | D:2      | Reached skill level 5 in Maces & Flails
  1718 | D:3      | Found a glowing golden altar of the Shining One.
  1718 | D:3      | Found an ancient bone altar of Kikubaaqudgha.
  1873 | D:3      | Reached XP level 5. HP: 28/50 MP: 4/4
  2406 | D:4      | Reached skill level 6 in Maces & Flails
  2427 | D:4      | Splashed by a jelly's acid

Illustrated notes

Levels and vault maps discovered:
D:1:      dpeg_arrival_connections, layout_loops_ring, serial_bayou_pond_c,
          chequers_serial_rivers_large_a, st_stairs_13
D:2:      layout_basic, hellmonk_ecumenical_altar_crossroads,
          minmay_randomly_rotated_circles, uniq_jessica
D:3:      layout_loops_ring, mainiacjoe_overflow_divided_tiny,
          kennysheep_another_room, kennysheep_nub
D:4:      layout_rooms, cheibrodos_sewer_entry_bend

Skill      XL: |  1  2  3  4  5 |
---------------+----------------+-----
Maces & Flails | 3 4 5 6 |  6.0
Fighting       | |  2.4
Dodging        | |  2.4

Action                   |  1- 3 |  4- 6 || total
-------------------------+-------+-------++-------
Melee: Mace              |    96 |   115 ||   211
       Punch             |     1 |     2 ||     3
       Flail             |       |    17 ||    17
Invok: Berserk           |       |     2 ||     2
 Stab: Sleeping          |     1 |       ||     1
Armor: Animal skin       |    38 |    44 ||    82
Dodge: Dodged            |    53 |    65 ||   118
